 Dungeon Crawl Stone Soup version 0.31-a0-672-g7da72447bb (webtiles) character file.

Game seed: 14877585547281748151

423 DocEon the Changeling (level 6, 0/47 HPs)
             Began as a Draconian Shapeshifter on Sept 5, 2023.
             Killed by divine providence
             ... invoked by an orc priest
              (11 damage)
             ... on level 4 of the Dungeon.
             The game lasted 00:05:06 (4071 turns).

DocEon the Changeling (Draconian Shapeshifter)      Turns: 4071, Time: 00:05:07

Health: 0/47       AC:  6    Str: 16    XL:     6   Next: 63%
Magic:  5/6        EV: 12    Int: 12    God:
Gold:   97         SH:  0    Dex: 11    Spells: 4/5 levels left

rFire   . .          .
                       - Unarmed
rCold   . . .        (no shield)
rNeg    . . .        (body armour unavailable)
rPois   .            (helmet currently unavailable)
rElec   .            (cloak currently unavailable)
rCorr   .            (gloves currently unavailable)
SInv    .            (boots currently unavailable)
Will    .....        (no amulet)
Stlth   +            (no ring)
HPRegen 0.27/turn    (no ring)
MPRegen 0.10/turn

%: no passive effects
@: beast-form
A: beast (slay +4), AC +6, unfitting armour, cold-blooded
a: Begin Untransformation


You were on level 4 of the Dungeon.
You were a hulking beast.
You visited 1 branch of the dungeon, and saw 4 of its levels.

You collected 139 gold pieces.
You spent 42 gold pieces at shops.

Inventory:

Talismans
 b - a beast talisman (active)
 c - a flux talisman
Scrolls
 d - 8 scrolls of teleportation
 e - a scroll of amnesia
Potions
 f - a potion of degeneration
 i - a potion of might
 j - a potion of haste


   Skills:
 - Level 1.1 Fighting
 - Level 1.7 Dodging
 - Level 3.0 Unarmed Combat
 + Level 7.0 Shapeshifting


You had 4 spell levels left.
You knew the following spells:

 Your Spells              Type           Power      Damage    Failure   Level
a - Magic Dart            Conj           0%         1d3       32%         1

Your spell library contained the following spells:

 Spells                   Type           Power      Damage    Failure   Level
 Searing Ray              Conj           0%         2d4       45%         2
 Fulminant Prism          Conj/Hex       0%         3d5       97%         4


Dungeon Overview and Level Annotations

Branches:
Dungeon (4/15)
 Temple: D:4-7

Altars:
Hepliaklqana
The Shining One

Shops:
D:2 (?[   D:3 :

Annotations:
D:4 Pikel


Innate Abilities, Weirdness & Mutations

You are a hulking beast.
Your limbs bulge with bestial killing power. (Slay +4)
Your plain brown scales are hard. (AC +6)
You cannot fit into any form of body armour.
You are cold-blooded and may be slowed by cold attacks.


Message History

The orc priest looks braver for a moment.
You hit something. Your punch misses something. Something hits you.
The orc priest hits you from afar with a +0 trident.
You hit something. You tail-slap something.
You hear some strange, mumbled words.
Something tries to affect you, but you resist.
The orc priest hits you from afar with a +0 trident.
You hit something.
Reactivating autopickup.
You feel a bit more experienced.
The orc priest hits you from afar with a +0 trident.
Your Shapeshifting skill increases to level 7!
The orc priest closely misses you.
Things that are here:
a +0 dagger; a +0 robe; an orc corpse You closely miss the orc priest.
The orc priest closely misses you.
You hit the orc priest but do no damage.
The orc priest hits you with a +0 trident.
You hit the orc priest.
The orc priest is lightly wounded.
The orc priest looks braver for a moment.
You closely miss the orc priest.
The orc priest is lightly wounded.
The orc priest closely misses you.
You hit the orc priest.
The orc priest is moderately wounded.
The orc priest calls down the wrath of Beogh upon you.
Beogh smites you!
You hit the orc priest.
The orc priest is moderately wounded.
The orc priest closely misses you.
You barely miss the orc priest.
The orc priest is moderately wounded.
The orc priest invokes the aid of Beogh against you.
Beogh smites you!
* * * LOW HITPOINT WARNING * * *
It was a potion of curing.
You feel better.
The orc priest mumbles some strange prayers to Beogh against you.
Beogh smites you!
You die...

....#
##..............##
....#
#...............##
#####
##...............## #
##................##
#..<..>............#
##.................# ##
###.....##.........#
.###
##..o######.......#
...# ##h## ###......
..## ###### #..# ##....
### #....####).# .... #
#..........##
#...........###
#.............##
....... ##
##.............#
.......# .##
#......(......##
#.......
..######..............#
#.......


You could see an orc priest.

Vanquished Creatures
  Eustachio (D:3)
  A lemure (D:3)
  A scorpion (D:4)
  A jelly (D:2)
  A sleepcap (D:3)
  An orc wizard (D:4)
  Natasha (D:4)
  An iguana (D:4)
  2 adders
  8 orcs
  5 ball pythons
  6 bats
  7 endoplasms
  3 giant cockroaches
  3 hobgoblins
  6 jackals
  5 quokkas
  A frilled lizard (D:2)
  4 goblins
  4 kobolds
  5 rats
67 creatures vanquished.

Notes
Turn   | Place    | Note
-------+----------+-------------------------------------------
     0 | D:1      | DocEon the Draconian Shapeshifter began the quest for the
                  | Orb.
     0 | D:1      | Reached XP level 1. HP: 16/16 MP: 1/1
   368 | D:1      | Reached XP level 2. HP: 18/23 MP: 2/2
   879 | D:1      | Learned a level 1 spell: Magic Dart
  1037 | D:2      | Reached skill level 4 in Shapeshifting
  1037 | D:2      | Reached XP level 3. HP: 13/28 MP: 3/3
  1281 | D:2      | Found Ipsemeeth's Antique Armour Shoppe.
  1974 | D:2      | Found Oxku's Magic Scroll Shoppe.
  1983 | D:2      | Bought a scroll of teleportation for 42 gold pieces
  2011 | D:2      | Found Goas's Antique Weapon Emporium.
  2123 | D:3      | Reached XP level 4. HP: 31/35 MP: 4/4
  2149 | D:3      | Found Zaett's Book Shop.
  2361 | D:3      | Found a hazy altar of Hepliaklqana.
  2566 | D:3      | Reached skill level 5 in Shapeshifting
  2618 | D:4      | Found a glowing golden altar of the Shining One.
  2622 | D:4      | Noticed Natasha
  2673 | D:4      | Killed Natasha
  2745 | D:3      | Reached XP level 5. HP: 37/40 MP: 2/5
  3327 | D:4      | Reached skill level 6 in Shapeshifting
  3591 | D:4      | Noticed a lemure
  3592 | D:4      | Noticed Pikel
  3592 | D:4      | Noticed a lemure
  3632 | D:3      | Killed a lemure
  3753 | D:4      | Noticed Eustachio
  3855 | D:3      | HP: 1/40 [river rat[Eustachio] (4)]
  3870 | D:3      | Killed Eustachio
  3871 | D:3      | Reached XP level 6. HP: 35/47 MP: 6/6
  4063 | D:4      | Reached skill level 7 in Shapeshifting
  4070 | D:4      | HP: 2/47 [orc priest/divine providence (14)]
  4071 | D:4      | Killed from afar by an orc priest

Illustrated notes

Levels and vault maps discovered:
D:1:      kennysheep_arrival_forest, layout_loops_ring,
          hangedman_abyss_or_decor_stabs, nrook_uturn, minivault_26
D:2:      cheibrodos_helix_gallery, layout_basic, serial_shops, shop,
          nicolae_shop_behind_doors, nicolae_lakefront_shop
D:3:      layout_basic, lemuel_coloured_pillars_altar, serial_shops,
          nicolae_shop_trees
D:4:      minmay_octagon_keep, layout_cave_pods, mainiacjoe_overflow_catwalk,
          nrook_mini_backslash, uniq_natasha, uniq_eustachio, uniq_pikel

Skill      XL: |  1  2  3  4  5  6 |
---------------+-------------------+-----
Shapeshifting  | 4 5 6 7 |  7.0
Fighting       | |  1.1
Dodging        | |  1.7
Unarmed Combat | |  3.0

Action                     |  1- 3 |  4- 6 || total
---------------------------+-------+-------++-------
  Melee: Unarmed           |    93 |   150 ||   243
         Tailslap          |     7 |    18 ||    25
         Punch             |     2 |     5 ||     7
   Cast: Magic Dart        |     6 |    32 ||    38
    Use: Scroll            |     5 |     4 ||     9
         Potion            |     1 |     3 ||     4
 Armour: Skin              |    56 |   112 ||   168
  Dodge: Dodged            |    49 |   121 ||   170

Table legend: (Time is in decaauts)
 A = Elapsed time spent in this place.
 B = Non-inter-level travel time spent in this place.
 C = Inter-level travel time spent in this place.
 D = Time resting spent in this place.
 E = Time spent auto-exploring this place.
 F = Levels seen in this place.
 G = Mean time per level.
                   A        B        C        D        E       F      G
               +--------+--------+--------+--------+--------+-----+--------+
         Total |   4073 |   3973 |    100 |    838 |   2467 |   4 | 1018.2 |
       Dungeon |   4073 |   3973 |    100 |    838 |   2467 |   4 | 1018.2 |
               +--------+--------+--------+--------+--------+-----+--------+

Top non-repeatable levels by time:
     D:2: 1157 daAuts
     D:4: 1147 daAuts
     D:1: 957 daAuts
     D:3: 809 daAuts
